 Dungeon Crawl Stone Soup version 0.19-a0-1895-g783e625 (webtiles) character file.

25 poirepourri the Ruffian (level 2, 0/23 HPs)
             Began as a Draconian Transmuter on Oct 18, 2016.
             Slain by a gnoll
             ... wielding a +0 flail
              (6 damage)
             ... on level 2 of the Dungeon.
             The game lasted 00:01:34 (971 turns).

poirepourri the Ruffian (Draconian Transmuter)       Turns: 971, Time: 00:01:35

Health: 0/23       AC:  4    Str: 12    XL:     2   Next: 86%
Magic:  2/5        EV: 12    Int: 13    God:
Gold:   16         SH:  0    Dex: 11    Spells: 2 memorised, 2 levels left

rFire  . . .     SeeInvis .       - Unarmed
rCold  . . .     Gourm    .     (armour unavailable)
rNeg   . . .     Faith    .     (no shield)
rPois  .         Spirit   .     (helmet restricted)
rElec  .         Reflect  .     (no cloak)
rCorr  .         Harm     .     (no gloves)
MR     .....                    (no boots)
Stlth  +.........               (no amulet)
                                (no ring)
                                (no ring)

@: very slightly contaminated
A: unfitting armour, cold-blooded, AC +4
a: no special abilities


You were on level 2 of the Dungeon.
You were not hungry.

You visited 1 branch of the dungeon, and saw 2 of its levels.

You collected 16 gold pieces.

Inventory:

Missiles
 a - 26 arrows
Scrolls
 d - a scroll of amnesia {unknown}
 e - a scroll of fear {unknown}
Potions
 f - a potion of resistance
 i - a potion of agility
Books
 b - a book of Changes

   Spells                             Type                      Level
   a - Beastly Appendage              Transmutation                1
   b - Sticks to Snakes               Transmutation                2
   c - Spider Form                    Transmutation/Poison         3
   d - Ice Form                       Ice/Transmutation            4
   e - Blade Hands                    Transmutation                5
Comestibles
 c - a bread ration
 h - a beef jerky


   Skills:
 + Level 1.2 Fighting
 + Level 2.0 Dodging
 + Level 3.4 Unarmed Combat
 + Level 2.3 Spellcasting
 + Level 2.2 Transmutations


You had 2 spell levels left.
You knew the following spells:

 Your Spells              Type           Power        Failure   Level  Hunger
a - Beastly Appendage     Tmut           #.....       12%         1    #......
b - Sticks to Snakes      Tmut           #.......     17%         2    ###....


Dungeon Overview and Level Annotations

Branches:
Dungeon (2/15)

Altars:


Innate Abilities, Weirdness & Mutations

Your plain brown scales are hard. (AC +4)
You cannot fit into any form of body armour.
You are cold-blooded and may be slowed by cold attacks.


Message History

The gnoll closely misses you.
You hit the gnoll.
The gnoll is almost dead.
The gnoll hits you from afar with a spear of flaming.
The gnoll burns you.
You barely miss the gnoll.
The gnoll is almost dead.
The gnoll barely misses you.
The gnoll hits you from afar with a spear of flaming.
The gnoll burns you.
You barely miss the gnoll.
The gnoll is almost dead.
The gnoll closely misses you. The gnoll hits you with a flail.
* * * LOW HITPOINT WARNING * * *
Casting: Sticks to Snakes
Confirm with . or Enter, or press ? or * to list all spells.
You miscast Sticks to Snakes.
You are very lightly contaminated with residual magic.
Nothing appears to happen.
The gnoll hits you with a flail.
You die...

.######......###.#
.#.#####.....#<..#.#
..........).....>#.#
.#.#####.#.#.#.#.#.#
#<.†....#.#.#.#.#
#########.#.#.#.# #
..#...#.#
#..#################.#
#...........gg@......#
#.####.###############
#.# #..# .#.# .# #. .g
.# .. #. #.# #.


You could see 2 gnolls.

Vanquished Creatures
  A dart slug (D:1)
  A leopard gecko (D:1)
  2 giant cockroaches
  6 goblins
  A hobgoblin (D:1)
  A quokka (D:2)
  A ball python (D:1)
  3 bats
  3 kobolds (D:1)
  2 rats (D:1)
21 creatures vanquished.

Vanquished Creatures (collateral kills)
  A goblin (D:1)
1 creature vanquished.

Grand Total: 22 creatures vanquished

Notes
Turn   | Place    | Note
-------+----------+-------------------------------------------
     0 | D:1      | poirepourri the Draconian Transmuter began the quest for the Orb.
     0 | D:1      | Reached XP level 1. HP: 16/16 MP: 3/3
   261 | D:1      | Reached XP level 2. HP: 23/23 MP: 3/5
   325 | D:1      | Learned a level 2 spell: Sticks to Snakes
   971 | D:2      | Slain by a gnoll

Vault maps used:
D:1:      dpeg_arrival_simpleton_a
D:2:      marbit_many_paths, xom_teletrap_fun, kennysheep_doodads

Skill      XL: |  1  2 |
---------------+-------+-----
Dodging        | 2 |  2.0
Fighting       | |  1.2
Unarmed Combat | |  3.4
Spellcasting   | |  2.3
Transmutations | |  2.2

Action                   || total
-------------------------++-------
Melee: Unarmed           ||    78
       Headbutt          ||     6
       Tailslap          ||    10
       Punch             ||     1
 Cast: Beastly Appendage ||    12
       Sticks to Snakes  ||     4
  Use: Scroll            ||     5
  Eat: Bread ration      ||     1
Armor: Skin              ||    28
Dodge: Dodged            ||    66
